 Dungeon Crawl Stone Soup version 0.28-b1-25-g9875b3fc8c (webtiles) character file.

Game seed: 18398421693058384932

302 croobank the Sneak (level 6, -1/36 (42) HPs)
             Began as a Vampire Earth Elementalist on Feb 1, 2022.
             Was an Initiate of Vehumet.
             Slain by a wight (11 damage)
             ... on level 4 of the Dungeon.
             The game lasted 00:20:09 (3103 turns).

croobank the Sneak (Vampire Earth Elementalist)     Turns: 3103, Time: 00:20:09

HP:   -1/36 (42)    AC:  5    Str:  7    XL:     6   Next: 14%
MP:   3/10          EV: 13    Int: 19    God:    Vehumet [......]
Gold: 185           SH:  0    Dex: 15    Spells: 0/11 levels left

rFire   . . .      SeeInvis +   w - +1 hand axe (elec)
rCold   . . .      Faith    .   (no shield)
rNeg    . . .      Spirit   .   e - +0 robe
rPois   .          Reflect  .   (no helmet)
rElec   .          Harm     .   u - +0 cloak
rCorr   .          Rampage  .   r - +0 pair of gloves
Will    .....                   C - +0 pair of boots
Stlth   +++.......              (no amulet)
HPRegen 0.32/turn               (no ring)
MPRegen 0.12/turn               (no ring)

@: very slightly contaminated, healing quickly, slowed, heavily drained, very
slow
A: alive, fangs 3, see invisible, vampiric 2, hooves 1, wild magic 1
a: Exsanguinate, Renounce Religion


You were on level 4 of the Dungeon.
You worshipped Vehumet.
Vehumet was noncommittal.
You visited 1 branch of the dungeon, and saw 4 of its levels.

You collected 185 gold pieces.

Inventory:

Hand Weapons
 a - a +0 dagger
 b - a +0 hunting sling
 n - a +0 flail
 w - a +1 hand axe of electrocution (weapon)
Missiles
 c - 117 stones
 f - 4 boomerangs (quivered)
 h - 8 bolts
 i - 11 poisoned darts
 j - 12 arrows
Armour
 e - a +0 robe (worn)
 p - a +0 scale mail
 r - a +0 pair of gloves (worn)
 u - a +0 cloak (worn)
 y - a +0 leather armour
 C - a +0 pair of boots (worn)
Magical Staves
 D - a staff of poison
Wands
 B - a wand of flame (13)
Scrolls
 k - a scroll of noise {unknown}
 o - 2 scrolls of vulnerability {unknown}
 q - a scroll of identify {unknown}
 t - a scroll of enchant weapon {unknown}
 v - a scroll of magic mapping {unknown}
 x - a scroll of enchant armour {unknown}
 z - a scroll of fear {unknown}
 A - a scroll of brand weapon {unknown}
 E - a scroll of immolation {unknown}
Potions
 m - 2 potions of brilliance


   Skills:
 + Level 0.8 Fighting
 - Level 1.2 Short Blades
 * Level 2.6 Axes
 + Level 0.1 Throwing
 + Level 3.2 Dodging
 + Level 4.6 Stealth
 + Level 3.0 Spellcasting
 + Level 1.1 Transmutations
 + Level 0.2 Air Magic
 + Level 3.8 Earth Magic
 + Level 0.1 Poison Magic


You couldn't memorise any spells.
You knew the following spells:

 Your Spells              Type           Power      Damage    Failure   Level
a - Sandblast             Erth           44%        2d11      5%          1
b - Stone Arrow           Conj/Erth      26%        3d8       28%         3
c - Poisonous Vapours     Pois/Air       8%         N/A       30%         2
d - Passwall              Tmut/Erth      13%        N/A       13%         2
e - Tukima's Dance        Hex            3%         N/A       50%         3

Your spell library contained the following spells:

 Spells                   Type           Power      Damage    Failure   Level
 Corpse Rot               Necr/Air       8%         N/A       30%         2
 Petrify                  Tmut/Erth      16%        N/A       58%         4
 Passage of Golubria      Tloc           3%         N/A       88%         4
 Yara's Violent Unravell  Hex/Tmut       3%         3d4       99%         5


Dungeon Overview and Level Annotations

Branches:
Dungeon (4/15)
 Temple: D:4-7

Altars:
Dithmenos
Vehumet

Annotations:
D:3 Sigmund
D:4 Edmund


Innate Abilities, Weirdness & Mutations

Your natural rate of healing is accelerated.
You have razor-sharp teeth.
You have supernaturally acute eyesight. (SInv)
You are afflicted with vampirism and can become a bat while bloodless.
You have large cloven feet.
Your spells are a little harder to cast, but a little more powerful.


Message History

It was a potion of brilliance.
You feel clever all of a sudden. The wight completely misses you.
It was a potion of cancellation.
Your magical effects are unravelling.
You feel magically purged.
You feel a little less clever now. The wight barely misses you.
It was a potion of mutation.
You feel extremely strange.
Your feet thicken and deform.
You feel less in control of your magic. The wight closely misses you.
It was a potion of heal wounds.
You feel much better.
The wight hits you with a +4 great sword of freezing!
You feel drained. The wight freezes you.
Okay, then.
Casting: Tukima's Dance (quite dangerous; 50% risk of failure)
Confirm with . or Enter, or press ? or * to list all spells.
Okay, then.
Casting: Tukima's Dance (quite dangerous; 50% risk of failure)
Confirm with . or Enter, or press ? or * to list all spells.
The spell is quite dangerous to miscast (50% risk of failure)!
Continue anyway?
Aiming: Tukima's Dance (quite dangerous; 50% risk of failure)
Press: ? - help, Shift-Dir - straight line, f/p - wight
Aim: a wight, wielding a +4 great sword of freezing and wearing a +0 robe (chance to affect: 36%)
You miscast Tukima's Dance.
You are very lightly contaminated with residual magic.
Waves of light ripple over your body.
You feel yourself slow down.
Casting: Tukima's Dance (quite dangerous; 50% risk of failure)
Confirm with . or Enter, or press ? or * to list all spells.
Okay, then.
Okay, then.
Casting: Tukima's Dance (quite dangerous; 50% risk of failure)
Confirm with . or Enter, or press ? or * to list all spells.
Okay, then.
The wight hits you with a +4 great sword of freezing!!
You feel drained. The wight freezes you.
* * * LOW HITPOINT WARNING * * *
The wight closely misses you.
The wight hits you with a +4 great sword of freezing!
You die...

##.........## #.. ## ###
#..........## ### .# ##.##
#...........## ## ## #...#
##...........# #. # ##...##
#...........# #. ## #.....#
##.........## ###. .###.....#
#........## ##... .##......#
##.......# ##.... ..#......#
####@......## ##.....
#.#.....#####..z######..###......
#.)....####...### ##..#.......
##...####...### ##.........
#..###...### ##........
##....#### ##....... ##...##
#....... .#....## ##......
.......## ##.....


You could see a wight.

Vanquished Creatures
  A scorpion (D:4)
  A wight (D:4)
  A centaur zombie (D:4)
  A hound (D:4)
  A hound skeleton (D:4)
  3 gnolls (D:3)
  3 adders (D:3)
  An adder skeleton (D:4)
  A dart slug (D:3)
  10 orcs
  6 ball pythons
  3 bats
  8 endoplasms
  4 giant cockroaches
  8 goblins
  2 jackals (D:4)
  A kobold (D:1)
  3 quokkas
  2 frilled lizards
  A rat (D:1)
61 creatures vanquished.

Notes
Turn   | Place    | Note
-------+----------+-------------------------------------------
     0 | D:1      | croobank the Vampire Earth Elementalist began the quest for
                  | the Orb.
     0 | D:1      | Reached XP level 1. HP: 13/13 MP: 3/3
   384 | D:1      | Reached XP level 2. HP: 19/19 MP: 5/5
   823 | D:1      | Found a faded altar of an unknown god.
  1091 | D:2      | Gained mutation: You are afflicted with vampirism and can
                  | become a bat while bloodless. [Vampire growth]
  1091 | D:2      | Reached XP level 3. HP: 20/24 MP: 6/6
  1184 | D:2      | Learned a level 3 spell: Stone Arrow
  1741 | D:3      | Reached skill level 1 in Short Blades
  1915 | D:3      | Reached XP level 4. HP: 30/30 MP: 0/7
  1918 | D:3      | Reached skill level 4 in Stealth
  2135 | D:3      | Noticed Sigmund
  2300 | D:4      | Reached skill level 1 in Axes
  2315 | D:4      | Learned a level 2 spell: Poisonous Vapours
  2328 | D:4      | Found a shadowy altar of Dithmenos.
  2367 | D:4      | Found a radiant altar of Vehumet.
  2385 | D:4      | Became a worshipper of Vehumet
  2495 | D:4      | Reached XP level 5. HP: 30/36 MP: 8/8
  2925 | D:4      | Noticed Edmund
  3054 | D:4      | Reached XP level 6. HP: 35/42 MP: 6/10
  3057 | D:4      | Learned a level 2 spell: Passwall
  3061 | D:4      | Learned a level 3 spell: Tukima's Dance
  3093 | D:4      | Gained mutation: You have large cloven feet. [potion of
                  | mutation]
  3093 | D:4      | Gained mutation: Your spells are a little harder to cast,
                  | but a little more powerful. [potion of mutation]
  3103 | D:4      | Slain by a wight

Illustrated notes

Levels and vault maps discovered:
D:1:      dpeg_arrival_castle, layout_basic, ebering_ecumenical_altar_hall,
          bh_walls_and_bars
D:2:      layout_loops_ring
D:3:      minmay_octagon_keep, layout_rooms, uniq_sigmund
D:4:      layout_cave_pods, xom_butterflies, vehumet_altar_wand_db,
          mainiacjoe_overflow_paths, gammafunk_ghost_smash, uniq_edmund,
          uniq_crazy_yiuf_cottage

Skill      XL: |  1  2  3  4  5 |
---------------+----------------+-----
Short Blades   | 1 |  1.2
Stealth        | 4 |  4.6
Axes           | 1 2 |  2.6
Dodging        | 3 |  3.2
Spellcasting   | 3 |  3.0
Fighting       | |  0.8
Throwing       | |  0.1
Transmutations | |  1.1
Air Magic      | |  0.2
Earth Magic    | |  3.8
Poison Magic   | |  0.1

Action                   |  1- 3 |  4- 6 || total
-------------------------+-------+-------++-------
Melee: Unarmed           |    11 |       ||    11
       Bite              |    11 |     8 ||    19
       Dagger            |    76 |    19 ||    95
       Punch             |     1 |       ||     1
       Hand axe          |       |    53 ||    53
Throw: Boomerang         |     8 |       ||     8
 Cast: Sandblast         |    17 |     2 ||    19
       Stone Arrow       |     4 |     2 ||     6
       Poisonous Vapours |       |     6 ||     6
       Tukima's Dance    |       |     1 ||     1
Evoke: Wand              |       |     2 ||     2
  Use: Scroll            |       |     3 ||     3
       Potion            |       |     4 ||     4
 Stab: Sleeping          |     8 |     2 ||    10
Armor: Robe              |    15 |    13 ||    28
Dodge: Dodged            |    65 |    67 ||   132
